 Dungeon Sprint DCSS version 0.29.1-15-g9cfb28693d (webtiles) character file.

Game seed: 18109570356173432432

116 sircluck the Magician (level 5, -13/35 HPs)
             Began as a Djinni Fire Elementalist on Apr 3, 2023.
             Killed from afar by an oklob sapling priest (21 damage)
             ... with a splash of acid
             ... in the Dungeon (Sprint IV: "Fedhas' Mad Dash").
             The game lasted 00:02:35 (788 turns).

sircluck the Magician (Djinni Fire Elementalist)     Turns: 788, Time: 00:02:36

Health: -13/35     AC: -2    Str:  7    XL:     5   Next: 20%
Gold:   67         EV: 13    Int: 19    God:
                   SH:  0    Dex: 13

rFire   + + .      SeeInvis .   g - +0 sling
rCold   x . .      Faith    .   (no shield)
rNeg    . . .      Spirit   .   a - +0 robe
rPois   ∞          Reflect  .   (no helmet)
rElec   .          Harm     .   (no cloak)
rCorr   .          Rampage  .   (no gloves)
Will    .....      NoTele   +   (boots unavailable)
Stlth   ++........              h - amulet of invisibility {+Inv}
HPRegen 0.11/turn               (no ring)
MPRegen 0.00/turn               (no ring)

@: corroded, flying, hasted, very quick
A: sickness immunity, fire resistance 2, cold vulnerability 1, float, innate
caster, HP casting, extra vitality 1
a: Evoke Invisibility


You were in the Dungeon.
You visited 1 branch You collected 67 gold pieces.

Inventory:

Hand Weapons
 g - a +0 sling (weapon)
Armour
 a - a +0 robe (worn)
Jewellery
 h - the amulet of invisibility (around neck) {+Inv}
   (You found it in the Dungeon)

   [amulet of nothing]

   +Inv:      It lets you turn invisible.
Potions
 b - a potion of curing
 e - a potion of berserk rage


   Skills:
 + Level 4.2 Dodging
 + Level 3.0 Stealth
 + Level 6.7 Spellcasting
 + Level 0.3 Evocations


You had one spell level left.
You knew the following spells:

 Your Spells              Type           Power      Damage    Failure   Level
a - Foxfire               Conj/Fire      100%       2x1d9     1%          1
b - Scorch                Fire           64%        2d8       1%          2
c - Conjure Flame         Conj/Fire      32%        6-21      1%          3
d - Inner Flame           Hex/Fire       32%        N/A       1%          3
e - Flame Wave            Conj/Fire      32%        2d9       6%          4
f - Freeze                Ice            100%       1d11      1%          1
g - Poisonous Vapours     Pois/Air       64%        N/A       1%          2
Your spell library was empty.

Dungeon Overview and Level Annotations

Branches:
Dungeon (1/1)

Altars:
Cheibriados
Dithmenos
Elyvilon
Gozag
Hepliaklqana
Makhleb
Nemelex Xobeh
Okawaru
Qazlal
Ru
Trog
Uskayaw
Wu Jian
Xom
Yredelemnul
Zin
The Shining One
Jiyva
Lugonu

Annotations:
D exclusion: oklob sapling


Innate Abilities, Weirdness & Mutations

You are immune to sickness and miasma.
You are immune to poison.
Your flesh is very heat resistant. (rF++)
You are vulnerable to cold. (rC-)
You float through the air rather than walking.
You learn spells naturally, not from books.
Your magical power is your life essence.
You have superior vitality. (+4 MHP)


Message History

You can't see any susceptible monsters within range! (Use Z to cast anyway.)
Found three altars.
Found two altars.
Found three altars.
There is an opulent altar of Gozag here.
Found a corrupted altar of Lugonu and a radiant altar of Vehumet.
The oklob sapling priest looks braver for a moment.
Casting: Scorch (safe; 1% risk of failure)
Confirm with . or Enter, or press ? or * to list all spells.
Flames lash the oklob sapling priest.
The oklob sapling priest is heavily damaged.
The oklob sapling priest's fire resistance burns away.
Casting: Scorch (safe; 1% risk of failure)
Confirm with . or Enter, or press ? or * to list all spells.
Flames lash the oklob sapling priest but do no damage.
The oklob sapling priest spits acid at you.
The splash of acid hits you!
* * * LOW HITPOINT WARNING * * *
Blink to where?
Press: ? - help, Q - select action, (/) - cycle Dir - move target
As you read the scroll of blinking, it crumbles to dust.
You start resting.
HP restored.
Really fly into a travel-excluded area?
There is an open door here.
You feel yourself speed up.
The oklob sapling priest spits acid at you.
The splash of acid hits you!!
Ouch! That really hurt!
The acid corrodes you!
You feel much better.
The oklob sapling priest spits acid at you.
The splash of acid hits you!!
Ouch! That really hurt!
* * * LOW HITPOINT WARNING * * *
The oklob sapling priest looks satisfied for a moment.
The oklob sapling priest spits acid at you.
The splash of acid hits you!!
Ouch! That really hurt!
You die...

########################
.....#.....#.⌠._._._._.⌠
.....'.#[..'.._._._._._.
.....#.#...#..._._P_._..
#########'##.._._._._._.
+...#._._@_._._.⌠
#...############# #####


You could see an oklob sapling priest.

Vanquished Creatures
  A scorpion (D)
  2 oklob saplings (D)
  A river rat (D)
  A rat (D)
5 creatures vanquished.

Vanquished Creatures (collateral kills)
  2 foxfires (D)
2 creatures vanquished.

Vanquished Creatures (others)
  19 foxfires (D)
  7 fungi (D)
26 creatures vanquished.

Grand Total: 33 creatures vanquished

Notes
Turn   | Place    | Note
-------+----------+-------------------------------------------
     0 | D        | sircluck the Djinni Fire Elementalist began the quest for
                  | the Orb.
     0 | D        | sircluck set off with the following spells memorised:
                  | Foxfire, Scorch, Conjure Flame, Inner Flame, Flame Wave.
     0 | D        | Reached XP level 1. HP: 15/15 MP: 0/0
    68 | D        | Reached skill level 3 in Spellcasting
    68 | D        | Reached XP level 2. HP: 8/21 MP: 0/0
    82 | D        | Noticed an oklob sapling
   443 | D        | Killed an oklob sapling
   444 | D        | Reached skill level 4 in Spellcasting
   444 | D        | Reached XP level 3. HP: 21/25 MP: 0/0
   444 | D        | Learned a level 1 spell: Freeze
   446 | D        | Noticed a scorpion
   446 | D        | Found the amulet of invisibility {+Inv}
   448 | D        | Killed a scorpion
   449 | D        | Reached skill level 6 in Spellcasting
   449 | D        | Reached XP level 4. HP: 22/31 MP: 0/0
   502 | D        | Reached XP level 5. HP: 24/35 MP: 0/0
   502 | D        | Learned a level 2 spell: Poisonous Vapours
   523 | D        | Found an opulent altar of Gozag.
   523 | D        | Found a hazy altar of Hepliaklqana.
   523 | D        | Found a burning altar of Makhleb.
   523 | D        | Found a sparkling altar of Nemelex Xobeh.
   523 | D        | Found a snail-covered altar of Cheibriados.
   523 | D        | Found a sacrificial altar of Ru.
   523 | D        | Found a shimmering altar of Xom.
   523 | D        | Found a basalt altar of Yredelemnul.
   524 | D        | Found a viscous altar of Jiyva.
   524 | D        | Found a bloodstained altar of Trog.
   524 | D        | Found an ornate altar of the Wu Jian Council.
   525 | D        | Found an iron altar of Okawaru.
   525 | D        | Found a shadowy altar of Dithmenos.
   525 | D        | Found a glowing silver altar of Zin.
   526 | D        | Found a hide-covered altar of Uskayaw.
   527 | D        | Found a stormy altar of Qazlal.
   527 | D        | Found a white marble altar of Elyvilon.
   527 | D        | Found a glowing golden altar of the Shining One.
   528 | D        | Found a corrupted altar of Lugonu.
   788 | D        | Killed from afar by an oklob sapling priest

Illustrated notes

Levels and vault maps discovered:
D:        dungeon_sprint_fedhas [sprint_temple]

Skill      XL: |  1  2  3  4 |
---------------+-------------+-----
Spellcasting   | 3 4 6 |  6.7
Dodging        | 3 4 |  4.2
Stealth        | 2 3 |  3.0
Evocations     | |  0.3

Action                   |  1- 3 |  4- 6 || total
-------------------------+-------+-------++-------
Melee: Unarmed           |    32 |       ||    32
 Cast: Foxfire           |    13 |       ||    13
       Scorch            |     3 |     4 ||     7
 Abil: Evoke Invisibilit |       |     1 ||     1
  Use: Potion            |       |     2 ||     2
       Scroll            |       |     1 ||     1
Dodge: Dodged            |     2 |       ||     2
